 Dungeon Crawl Stone Soup version 0.29.1-1-gd02db6906a (webtiles) character file.

Game seed: 5080572331959494380

2 Ashen the Magician (level 1, 0/13 HPs)
             Began as a Demonspawn Hedge Wizard on Oct 12, 2022.
             Frozen to death by an endoplasm (3 damage)
             ... on level 2 of the Dungeon.
             The game lasted 00:00:35 (354 turns).

Ashen the Magician (Demonspawn Hedge Wizard)         Turns: 354, Time: 00:00:36

Health: 0/13       AC:  4    Str: 10    XL:     1   Next: 33%
Magic:  1/4        EV: 11    Int: 15    God:
Gold:   5          SH:  0    Dex: 12    Spells: 5/6 levels left

rFire   . . .      SeeInvis .   a - +0 dagger
rCold   . . .      Faith    .   (no shield)
rNeg    . . .      Spirit   .   f - +0 leather armour
rPois   .          Reflect  .   c - +0 hat
rElec   .          Harm     .   (no cloak)
rCorr   .          Rampage  .   e - +0 pair of gloves
Will    .....                   (no boots)
Stlth   ++........              (no amulet)
HPRegen 0.04/turn               (no ring)
MPRegen 0.09/turn               (no ring)

@: no status effects
A: no striking features
a: no special abilities


You were on level 2 of the Dungeon.
You visited 1 branch of the dungeon, and saw 2 of its levels.

You collected 5 gold pieces.

Inventory:

Hand Weapons
 a - a +0 dagger (weapon)
Armour
 c - a +0 hat (worn)
 e - a +0 pair of gloves (worn)
 f - a +0 leather armour (worn)
Jewellery
 b - a +4 ring of slaying
Scrolls
 g - a scroll of teleportation {unknown}
 h - a scroll of enchant weapon {unknown}
Potions
 d - a potion of magic


   Skills:
 + Level 1.8 Dodging
 + Level 1.8 Stealth
 + Level 3.0 Spellcasting
 + Level 1.0 Conjurations
 + Level 1.1 Summonings
 + Level 0.9 Translocations


You had 5 spell levels left.
You knew the following spells:

 Your Spells              Type           Power      Damage    Failure   Level
a - Magic Dart            Conj           20%        1d4       19%         1

Your spell library contained the following spells:

 Spells                   Type           Power      Damage    Failure   Level
 Slow                     Hex            8%         N/A       26%         1
 Call Imp                 Summ           5%         N/A       26%         2
 Blink                    Tloc           10%        N/A       28%         2
 Conjure Flame            Conj/Fire      3%         6-21      54%         3
 Mephitic Cloud           Conj/Pois/Air  3%         N/A       56%         3


Dungeon Overview and Level Annotations

Branches:
Dungeon (2/15)

Altars:

Annotations:
D:2 Terence


Message History

Placed new exclusion.
As you open the door, it creaks loudly!
An endoplasm comes into view.
The endoplasm quivers.
You hear a shout!
A rat comes into view.
Found 2 fuming black potions.
You hit the endoplasm but do no damage. The endoplasm freezes you.
You are frozen.
The rat twitches its whiskers.
You hit the endoplasm but do no damage. The endoplasm barely misses you.
You hit the endoplasm but do no damage. The endoplasm barely misses you.
Casting: Magic Dart (safe; 19% risk of failure)
Confirm with . or Enter, or press ? or * to list all spells.
Aiming: Magic Dart (safe; 19% risk of failure)
Press: ? - help, Shift-Dir - straight line, f - endoplasm
Aim: an endoplasm (100% to hit)
The magic dart hits the endoplasm but does no damage.
The endoplasm hits you.
Casting: Magic Dart (safe; 19% risk of failure)
Confirm with . or Enter, or press ? or * to list all spells.
Aiming: Magic Dart (safe; 19% risk of failure)
Press: ? - help, Shift-Dir - straight line, f/p - endoplasm
Aim: an endoplasm (100% to hit)
The magic dart hits the endoplasm but does no damage.
The endoplasm freezes you.
You are frozen.
* * * LOW HITPOINT WARNING * * *
Casting: Magic Dart (safe; 19% risk of failure)
Confirm with . or Enter, or press ? or * to list all spells.
Aiming: Magic Dart (safe; 19% risk of failure)
Press: ? - help, Shift-Dir - straight line, f/p - endoplasm
Aim: an endoplasm (100% to hit)
The magic dart hits the endoplasm.
The endoplasm is heavily wounded.
A gnoll comes into view. It is wielding a +0 flail.
The endoplasm freezes you.
You are frozen.
You die...

#......# #.#
#......# #.#
#......#
#.#####.#
##....##
#......(#
###....##
#########
#.......#
#.#####.# #.
#.# + #@# #J#
r.. .....
.......
.........
....!......
......g.....#


You could see a gnoll (wandering), an endoplasm and a rat.

Vanquished Creatures
  A quokka (D:2)
  A ball python (D:2)
  A frilled lizard (D:2)
3 creatures vanquished.

Notes
Turn   | Place    | Note
-------+----------+-------------------------------------------
     0 | D:1      | Ashen the Demonspawn Hedge Wizard began the quest for the
                  | Orb.
     0 | D:1      | Reached XP level 1. HP: 13/13 MP: 4/4
   194 | D:1      | You fall into a shaft and drop 1 floor!
   327 | D:2      | Noticed Terence
   354 | D:2      | Frozen to death by an endoplasm

Illustrated notes

Levels and vault maps discovered:
D:1:      minmay_arrival_glassed_features, layout_loops_ring,
          chequers_serial_rivers_micro_d
D:2:      minmay_diamond_boxcup, layout_basic,
          hellmonk_ecumenical_altar_slurped_away, grunt_ministairs_2,
          guppyfry_early_lair_pool, uniq_jessica, uniq_terence

Action                   || total
-------------------------++-------
Melee: Dagger            ||     8
 Cast: Magic Dart        ||     9
Armor: Leather armour    ||     4
Dodge: Dodged            ||     4
